Map: Prion Terraces

Players

Miszu - Winner!

  • Race: Terran Terran
  • League: Grandmaster

Matiz

  • Race: Zerg Zerg
  • League: Master

VOD

Have the link to the VOD?

Description

Time

  • Played on: Feb. 21, 2016, 11:51 a.m.
  • Length: 5:02
Show
View Real Time Build Order
Export as new Build Order

Miszu Terran - Winner!

Build Orders:  

Get SALT Encoding   

  12  0:00  SCV  
  13  0:13  SCV  
  14  0:18  Supply Depot  
  14  0:25  SCV  
  15  0:39  SCV  
  15  0:41  Barracks  
  16  0:44  Refinery  
  16  0:51  SCV  
  17  1:00  Barracks  
  17  1:04  SCV  
  18  1:16  SCV  
  19  1:29  Reaper  
  19  1:30  Barracks  
  20  1:35  Orbital Command  
  21  1:47  Reaper  
  21  1:50  Supply Depot  
  21  1:53  Refinery  
  21  2:00  SCV  
  22  2:04  Reaper  
  23  2:12  SCV  
  24  2:21  Reaper  
  25  2:24  SCV  
  25  2:25  Supply Depot  
  26  2:35  Reaper  
  26  2:36  SCV  
  28  2:39  Reaper  
  29  2:48  SCV  
  30  2:53  Reaper  
  31  3:00  SCV  
  31  3:03  Command Center  
  32  3:07  Reaper  
  33  3:12  SCV  
  33  3:19  Reaper  
  34  3:25  SCV  
  35  3:31  Barracks Tech Lab  
  35  3:37  SCV  
  36  3:47  Barracks Tech Lab  
  36  3:49  SCV  
  36  3:52  Command Center  
  36  3:55  Barracks Reactor  
  37  4:01  SCV  
  38  4:15  SCV  
  38  4:16  Marine x2  
  40  4:35  Marine x3  
  40  4:36  Marine, SCV  
  46  4:40  Factory  
Show
View Real Time Build Order
Export as new Build Order

Matiz Zerg 

Build Orders: Hatch First 

Get SALT Encoding   

  12  0:01  Drone  
  13  0:14  Overlord  
  13  0:17  Drone  
  14  0:23  Extractor, Drone  
  15  0:32  Drone  
  16  0:36  Drone  
  17  0:53  Hatchery  
  17  0:56  Drone  
  17  0:58  Drone  
  17  1:03  Extractor  
  17  1:08  Drone  
  18  1:17  Spawning Pool  
  17  1:20  Drone  
  18  1:32  Drone  
  19  1:44  Overlord  
  19  2:07  Queen  
  19  2:08  Queen  
  23  2:09  Zergling x4  
  23  2:12  Roach Warren  
  23  2:13  Drone  
  25  2:23  Overlord  
  25  2:32  Zergling x2  
  25  2:36  Drone  
  26  2:38  Overlord  
  24  2:57  Roach x4  
  24  2:58  Roach  
  33  3:07  Roach  
  34  3:15  Spore Crawler  
  33  3:24  Roach  
  33  3:25  Roach x3  
  41  3:30  Overlord  
  41  3:37  Drone x2  
  43  3:50  Ravager  
  44  3:57  Drone x4  
  46  4:10  Roach x2  
  46  4:12  Overlord  
  46  4:15  Drone x2  
  46  4:16  Drone  
  51  4:35  Drone x4  
  51  4:36  Drone x2  
  58  4:38  Ravager  
  58  4:40  Drone x2  
Tags
 
Add a new tag
Caveats
  • Supply blocks, unpowered buildings, or Contaminate may cause inaccurate times.
  • Supply counts are checked every 10 seconds.